 Dungeon Crawl Stone Soup version 0.28-a0-691-gad6df49e81 (webtiles) character file.

Game seed: 304426223978649523

108 RepHenryClay the Skirmisher (level 4, -1/44 HPs)
             Began as a Naga Fighter on Oct 21, 2021.
             Killed from afar by a steam dragon (12 damage)
             ... with a ball of steam
             ... on level 3 of the Dungeon.
             The game lasted 00:02:17 (2588 turns).

RepHenryClay the Skirmisher (Naga Fighter)          Turns: 2588, Time: 00:02:18

Health: -1/44      AC:  5    Str: 19    XL:     4   Next: 87%
Magic:  4/4        EV:  7    Int:  9    God:
Gold:   85         SH:  4    Dex: 10    Spells: 3/3 levels left

rFire   . . .      SeeInvis +   a - +0 war axe
rCold   . . .      Faith    .   c - +0 buckler
rNeg    . . .      Spirit   .   b - +0 scale mail
rPois   +          Reflect  .   (no helmet)
rElec   .          Harm     .   (no cloak)
rCorr   .          Rampage  .   (no gloves)
Will    .....                   (no barding)
Stlth   ..........              (no amulet)
HPRegen 0.14/turn               (no ring)
MPRegen 0.09/turn               (no ring)

@: mighty, very slow
A: AC +1, large, see invisible, deformed body, poison resistance, slowness 2,
spit poison 1, naga tail 1
a: Spit Poison


You were on level 3 of the Dungeon.
You visited 1 branch of the dungeon, and saw 3 of its levels.

You collected 85 gold pieces.

Inventory:

Hand Weapons
 a - a +0 war axe (weapon)
Armour
 b - a +0 scale mail (worn)
 c - a +0 buckler (worn)
 e - a +0 plate armour
Wands
 m - a wand of paralysis (4)
Scrolls
 f - a scroll of teleportation {unknown}
 h - a scroll of immolation {unknown}
 k - a scroll of enchant weapon {unknown}
Potions
 g - a potion of resistance {unknown}
 i - 5 potions of heal wounds {unknown}
 j - a potion of degeneration {unknown}
 l - a potion of ambrosia {unknown}


   Skills:
 - Level 3.7 Fighting
 + Level 3.0 Axes
 - Level 3.1 Armour
 - Level 3.0 Shields


You had 3 spell levels left.
You didn't know any spells.
Your spell library was empty.

Dungeon Overview and Level Annotations

Branches:
Dungeon (3/15)

Altars:


Innate Abilities, Weirdness & Mutations

Your serpentine skin is tough. (AC +1)
You have supernaturally acute eyesight. (SInv)
Armour fits poorly on your strangely shaped body.
Your system is resistant to poisons. (rPois)
You cover ground very slowly.
You can spit poison.
You have a snake-like lower body.


Message History

Damage: -2%(-1hp) hp: 98%(43hp)
You closely miss the ball python. The ball python closely misses you.
You slash the ball python!
You kill the ball python!
No target in view!
Found a mace.
You see here a +0 chain mail.
You see here a +0 mace.
You now have 85 gold pieces (gained 12).
Found a stone staircase leading down.
Found a dagger.
A hobgoblin comes into view.
The hobgoblin shouts!
You hear an angry hiss.
You see here a +0 dagger.
A hobgoblin is nearby!
You closely miss the hobgoblin.
A steam dragon comes into view.
The hobgoblin hits you.
Damage: -6%(-3hp) hp: 94%(41hp)
You slash the hobgoblin!
You kill the hobgoblin!
The steam dragon breathes steam at you. The ball of steam hits you!!
Your Axes skill increases to level 3!
Huge Dmg: -48%(-21hp) hp: 46%(20hp)
The steam dragon breathes steam at you. The ball of steam hits you!
* * * LOW HITPOINT WARNING * * *
Huge Dmg: -18%(-8hp) hp: 28%(12hp)
You feel very mighty all of a sudden.
You are engulfed in a cloud of scalding steam.
* * * LOW HITPOINT WARNING * * *
Damage: -3%(-1hp) hp: 25%(11hp) Unknown command.
Press: ? - help, Shift-Dir - straight line, f - steam dragon
Aim: a steam dragon You fail to use your ability.
The steam dragon breathes steam at you. The ball of steam hits you!
You die...

#>.............)...
##..................
#...... ..........##
#.....# ###...##.#
#.....# ###......#
#.....####....#####
##..............#
#..######....###
#@.# #..### #§§#
#### #D§# #§...
##§#.# #D#.# ..# #
###


You could see a steam dragon (catching breath).

Vanquished Creatures
  An orc priest (D:3)
  An orc wizard (D:3)
  2 worms (D:2)
  An orc (D:3)
  5 bats
  3 endoplasms
  A giant cockroach (D:1)
  6 hobgoblins
  3 quokkas (D:1)
  3 ball pythons
  2 frilled lizards (D:1)
  8 goblins
  5 kobolds
  5 rats
46 creatures vanquished.

Notes
Turn   | Place    | Note
-------+----------+-------------------------------------------
     0 | D:1      | RepHenryClay the Naga Fighter began the quest for the Orb.
     0 | D:1      | Reached XP level 1. HP: 21/21 MP: 1/1
   199 | D:1      | Reached XP level 2. HP: 15/28 MP: 2/2
   605 | D:1      | Found a faded altar of an unknown god.
   861 | D:1      | Reached XP level 3. HP: 32/34 MP: 3/3
  2358 | D:3      | Reached XP level 4. HP: 31/43 MP: 4/4
  2583 | D:3      | Noticed a steam dragon
  2588 | D:3      | Killed from afar by a steam dragon

Illustrated notes

Levels and vault maps discovered:
D:1:      psy_arrival_spokes, layout_loops_ring, ebering_ecumenical_altar_hall
D:2:      layout_basic
D:3:      layout_basic, minmay_overflow_temple_star_quad

Skill      XL: |  1  2  3  4 |
---------------+-------------+-----
Armour         | 3 |  3.1
Shields        | 3 |  3.0
Axes           | 3 |  3.0
Fighting       | |  3.7

Action                   |  1- 3 |  4- 6 || total
-------------------------+-------+-------++-------
Melee: War axe           |   114 |    10 ||   124
 Abil: Spit Poison       |     8 |     1 ||     9
  Use: Potion            |       |     1 ||     1
Armor: Scale mail        |    66 |     4 ||    70
Dodge: Dodged            |    55 |     3 ||    58
Block: Buckler           |    22 |     1 ||    23

Table legend: (Time is in decaauts)
 A = Elapsed time spent in this place.
 B = Non-inter-level travel time spent in this place.
 C = Inter-level travel time spent in this place.
 D = Time resting spent in this place.
 E = Time spent auto-exploring this place.
 F = Levels seen in this place.
 G = Mean time per level.
                   A        B        C        D        E       F      G
               +--------+--------+--------+--------+--------+-----+--------+
         Total |   3289 |   3197 |     92 |    313 |   2478 |   3 | 1096.3 |
       Dungeon |   3289 |   3197 |     92 |    313 |   2478 |   3 | 1096.3 |
               +--------+--------+--------+--------+--------+-----+--------+

Top non-repeatable levels by time:
     D:1: 1660 daAuts
     D:2: 1186 daAuts
     D:3: 442 daAuts
